 Dungeon Crawl Stone Soup version 0.24.0-123-gd5b16e6ec5 (webtiles) character file.

Game seed: 8935531590713293939, levelgen mode: deterministic

147 Emblim88 the Insei (level 5, -2/34 HPs)
             Began as an Octopode Transmuter on Jan 12, 2020.
             Slain by an ice beast (9 damage)
             ... on level 2 of the Dungeon.
             The game lasted 00:04:09 (1450 turns).

Emblim88 the Insei (Octopode Transmuter)            Turns: 1450, Time: 00:04:10

Health: -2/34      AC:  1    Str:  9    XL:     5   Next: 29%
Magic:  18/18      EV: 14    Int: 22    God:
Gold:   91         SH:  0    Dex: 12    Spells: 5/9 levels left

rFire    . . .     SeeInvis .   h - +1 short sword (venom)
rCold    . . .     Gourm    .   (no shield)
rNeg     . . .     Faith    .   (helmet restricted)
rPois    .         Spirit   .   (no amulet)
rElec    .         Reflect  .   e - ring of magical power
rCorr    .         Harm     .   i - +5 ring of intelligence
MR       .....                  (no ring)
Stlth    ++........             (no ring)
HPRegen  0.11/turn              (no ring)
MPRegen  0.16/turn              (no ring)
                                (no ring)
                                (no ring)

@: no status effects
A: almost no armour, stealthy swim, amphibious, 8 rings, constrict 8, camouflage
1, gelatinous body 1
a: no special abilities


You were on level 2 of the Dungeon.
You were not hungry.

You visited 1 branch of the dungeon, and saw 2 of its levels.

You collected 91 gold pieces.

Inventory:

Hand Weapons
 h - a +1 short sword of venom (weapon)
Missiles
 a - 35 arrows
Jewellery
 e - a ring of magical power (left tentacle)
 i - a +5 ring of intelligence (right tentacle)
Scrolls
 d - a scroll of teleportation {unknown}
 g - 4 scrolls of identify {unknown}
 k - a scroll of magic mapping {unknown}
 l - 2 scrolls of remove curse {unknown}
Potions
 b - a potion of degeneration {unknown}
 f - a potion of curing
 j - a potion of brilliance {unknown}
Comestibles
 c - 6 rations


   Skills:
 + Level 2.1 Fighting
 + Level 0.5 Short Blades
 + Level 2.7 Dodging
 + Level 0.3 Stealth
 + Level 3.4 Unarmed Combat
 + Level 2.6 Spellcasting
 * Level 3.4 Transmutations


You had 5 spell levels left.
You knew the following spells:

 Your Spells              Type           Power        Failure   Level  Hunger
a - Beastly Appendage     Tmut           ###...       3%          1    None
b - Spider Form           Tmut/Pois      ##........   19%         3    ###....

Your spell library contained the following spells:

 Spells                   Type           Power        Failure   Level  Hunger
 Sticks to Snakes         Tmut           ###.....     4%          2    ##.....
 Ice Form                 Ice/Tmut       ##......     54%         4    ####...
 Blade Hands              Tmut           ###.......   65%         5    ######.


Dungeon Overview and Level Annotations

Branches:
Dungeon (2/15)

Altars:


Innate Abilities, Weirdness & Mutations

You cannot wear most types of armour.
You are very stealthy in the water. (Stealth+)
You are amphibious.
You can wear up to eight rings at the same time.
You can use your tentacles to constrict eight enemies at once.
Your skin changes colour to match your surroundings (Stealth+).
Your rubbery body absorbs attacks. (AC +1, EV +1)


Message History

You hit the ice beast.
The ice beast is moderately wounded.
The ice beast misses you.
You hit the ice beast but do no damage.
The ice beast is heavily wounded.
The ice beast hits you. The ice beast freezes you.
You closely miss the ice beast.
The ice beast is heavily wounded.
The ice beast misses you.
You closely miss the ice beast.
The ice beast is heavily wounded.
The ice beast hits you. The ice beast freezes you!
* * * LOW HITPOINT WARNING * * *
It was a potion of curing.
You feel better. The ice beast closely misses you.
You barely miss the ice beast.
The ice beast is heavily wounded.
The ice beast hits you.
* * * LOW HITPOINT WARNING * * *
The ice beast freezes you!
You die...

.....#
##.##.##
#........
.###.###(.##.#
#.#......
.###.#†.†###.#
#.######.
.....(.### #.#
.. #. ....†.##
#.### #.# #.
......# #...#
... #. ....###
###.# .## #.
....#
#.#####.# ##
....#
#..@Y...#
....#
#########
#####


You could see an ice beast.

Vanquished Creatures
  Natasha (thrice) (D:2)
  Robin (D:2)
  A dart slug (D:2)
  2 leopard geckos
  A ball python (D:2)
  2 giant cockroaches (D:1)
  15 goblins
  9 hobgoblins
  2 quokkas (D:2)
  7 bats
  2 frilled lizards (D:2)
  3 kobolds (D:2)
  5 rats
53 creatures vanquished.

Notes
Turn   | Place    | Note
-------+----------+-------------------------------------------
     0 | D:1      | Emblim88 the Octopode Transmuter began the quest for the
                  | Orb.
     0 | D:1      | Reached XP level 1. HP: 13/13 MP: 3/3
   199 | D:1      | Reached XP level 2. HP: 18/18 MP: 5/5
   859 | D:2      | Noticed Natasha
   865 | D:2      | Noticed a crimson imp
   874 | D:2      | Killed Natasha
   874 | D:2      | Reached XP level 3. HP: 23/23 MP: 6/6
   901 | D:2      | Noticed Natasha
   908 | D:2      | Killed Natasha
   908 | D:2      | Reached XP level 4. HP: 29/29 MP: 7/7
   965 | D:2      | Noticed Natasha
   968 | D:2      | Killed Natasha
  1017 | D:2      | Found a faded altar of an unknown god.
  1091 | D:2      | Reached XP level 5. HP: 34/34 MP: 8/8
  1097 | D:2      | Learned a level 3 spell: Spider Form
  1167 | D:2      | Noticed Robin
  1199 | D:2      | Killed Robin
  1437 | D:2      | Noticed an ice beast
  1450 | D:2      | Slain by an ice beast

Levels and vault maps discovered:
D:1:      tarquinn_simple_flora_water_b, layout_loops_ring
D:2:      layout_rooms, zin_academy, chequers_ecumenical_altar_simple_redux,
          uniq_robin, uniq_natasha, uniq_crazy_yiuf_cottage

Skill      XL: |  1  2  3  4 |
---------------+-------------+-----
Transmutations | 3 |  3.4
Fighting       | 2 |  2.1
Short Blades   | |  0.5
Dodging        | |  2.7
Stealth        | |  0.3
Unarmed Combat | |  3.4
Spellcasting   | |  2.6

Action                   |  1- 3 |  4- 6 || total
-------------------------+-------+-------++-------
Melee: Short sword       |    47 |    60 ||   107
       Constrict         |    14 |    17 ||    31
       Tentacles         |     6 |     9 ||    15
       Punch             |     1 |     2 ||     3
       Kick              |       |     2 ||     2
 Cast: Beastly Appendage |     1 |     1 ||     2
  Use: Potion            |     2 |     1 ||     3
 Stab: Sleeping          |     4 |     3 ||     7
  Eat: Chunk             |       |     2 ||     2
Armor: Skin              |    26 |     8 ||    34
Dodge: Dodged            |    30 |    43 ||    73
